 Dungeon Crawl Stone Soup version 0.19.4-8-ga85b6b9 (webtiles) character file.

2425 Darkyelf the Covered (level 9, -1/75 HPs)
             Began as a Ghoul Abyssal Knight on Feb 13, 2017.
             Was an Elder of Lugonu.
             Killed from afar by an orc wizard (2 damage)
             ... with a puff of flame
             ... on level 6 of the Dungeon.
             The game lasted 00:16:19 (6481 turns).

Darkyelf the Covered (Ghoul Abyssal Knight)         Turns: 6481, Time: 00:16:19

Health: -1/75      AC: 18    Str: 16    XL:     9   Next: 48%
Magic:  12/12      EV:  5    Int:  7    God:    Lugonu [****..]
Gold:   257        SH:  4    Dex: 11    Spells: 0 memorised, 8 levels left

rFire  + . .     SeeInvis .     a - +2 hand axe
rCold  + + .     Gourm    .     d - +0 plate armour
rNeg   + + +     Faith    .     e - +0 buckler
rPois  ∞         Spirit   .     (no helmet)
rElec  +         Reflect  .     h - +2 cloak
rCorr  +         Harm     .     n - +0 pair of gloves {archery}
MR     .....                    u - +0 pair of boots
Stlth  ..........               (no amulet)
                                (no ring)
                                (no ring)

@: resistant, very slightly contaminated, rotting, hasted, very quick
A: rotting body, claws 1, carnivore 3, cold resistance 1, negative energy
resistance 3, slow regeneration 1, torment resistance, unbreathing
a: Depart the Abyss, Bend Space, Banish, Corrupt, Renounce Religion


You were on level 6 of the Dungeon.
You worshipped Lugonu.
Lugonu was greatly pleased with you.
You were not hungry.

You visited 1 branch of the dungeon, and saw 6 of its levels.
You visited the Abyss 1 time.
You also visited: Sewer.

You collected 257 gold pieces.

Inventory:

Hand Weapons
 a - a +2 hand axe (weapon)
 x - a +1 trident of freezing
 z - a +4 trident
Armour
 d - a +0 plate armour (worn)
 e - a +0 buckler (worn)
 h - a +2 cloak (worn)
 n - a +0 pair of gloves of archery (worn)
 u - a +0 pair of boots (worn)
Wands
 b - a wand of acid (0/15)
Scrolls
 f - 4 scrolls of identify
 g - 4 scrolls of teleportation
 m - 2 scrolls of recharging
 o - a scroll of fog
 p - a scroll of blinking
 B - 2 scrolls of remove curse
Potions
 i - 3 potions of flight
 l - a potion of berserk rage {unknown}
 q - a potion of lignification {unknown}
 r - a potion of magic {unknown}
 t - a potion of mutation {unknown}
 A - 2 potions of degeneration {unknown}
Books
 s - a book of Changes

   Spells                             Type                      Level
   a - Beastly Appendage              Transmutation                1
   b - Sticks to Snakes               Transmutation                2
   c - Spider Form                    Transmutation/Poison         3
   d - Ice Form                       Ice/Transmutation            4
   e - Blade Hands                    Transmutation                5
 w - a book of Cantrips

   Spells                             Type                      Level
   a - Confusing Touch                Hexes                        1
   b - Animate Skeleton               Necromancy                   1
   c - Summon Small Mammal            Summoning                    1
   d - Apportation                    Translocation                1
 y - a book of Flames

   Spells                             Type                      Level
   a - Flame Tongue                   Conjuration/Fire             1
   b - Throw Flame                    Conjuration/Fire             2
   c - Conjure Flame                  Conjuration/Fire             3
   d - Inner Flame                    Hexes/Fire                   3
   e - Sticky Flame                   Conjuration/Fire             4
   f - Fireball                       Conjuration/Fire             5
Comestibles
 c - 2 meat rations
 v - 2 slices of pizza


   Skills:
 + Level 5.8 Fighting
 + Level 6.7 Axes
 * Level 6.8 Armour
 + Level 1.4 Dodging
 + Level 2.0 Shields
 * Level 5.8 Invocations


You had 8 spell levels left.
You didn't know any spells.

Dungeon Overview and Level Annotations

Branches:
Dungeon (6/15)             Temple (0/1) D:5

Altars:
Cheibriados
Fedhas
Gozag
Hepliaklqana
Kikubaaqudgha
Qazlal
Sif Muna
Vehumet
Xom

Shops:
D:4 ?


Innate Abilities, Weirdness & Mutations

Your body is rotting away.
You thrive on raw meat.
You are immune to poison.
You have sharp fingernails.
You are carnivorous and can eat meat at any time.
Your flesh is cold resistant. (rC+)
You are immune to negative energy. (rN+++)
You regenerate slowly when monsters are visible.
You are immune to unholy pain and torment.
You can survive without breathing.


Message History

You are very lightly contaminated with residual magic.
You hit something but do no damage.
Your plate armour prevents you from hitting the orc warrior.
Something hits you but does no damage.
You barely miss something. You hit the orc warrior.
The orc warrior hits you but does no damage.
You closely miss something.
Your plate armour prevents you from hitting the orc warrior.
Something hits you but does no damage.
The orc warrior hits you from afar with a trident.
* * * LOW HITPOINT WARNING * * *
You hear some strange, mumbled words.
A puff of flame appears from out of thin air!
The puff of flame hits you!
The orc warrior hits you with a trident!
* * * LOW HITPOINT WARNING * * *
You hear some strange, mumbled words.
A puff of flame appears from out of thin air!
The puff of flame hits you! You resist.
You die...

*** #........# ,,*
#........# *,*
*########........#
#.##
*..?....#........#
...#
*.%.....#........#
...#
*(%.....#........#
.#.#
#.......#o{......#
...#
#................#
...#
#.......##@#######
...####..(....##.#
..............#).#
#.............#.##
*****
##.#..........#.#####
*,,,*
##.#.###..........<.#
*,,,*
.....##.............#
*,,,*
##.#.<..###.........#
**+** ##.#.####
##...###### *,**


You could see an orc warrior.

Vanquished Creatures
  A troll (D:5)
  Sigmund (D:5)
  Edmund (D:6)
  A sky beast (D:6)
  Purgy (Sewer)
  5 ogres
  2 centaurs
  A bullfrog (D:6)
  3 wights
  2 bullfrog zombies
  2 hounds
  5 orc priests
  A centaur skeleton (D:6)
  8 orc wizards
  5 worker ants
  14 adders
  4 gnolls (D:3)
  A howler monkey skeleton (D:5)
  An ooze (D:6)
  2 adder skeletons (D:6)
  A worm (D:5)
  5 dart slugs
  6 leopard geckos
  22 orcs
  2 ball pythons
  11 giant cockroaches
  8 goblins
  6 hobgoblins
  4 jackals
  A quokka (D:2)
  12 bats
  6 frilled lizards
  11 kobolds
  2 leopard gecko skeletons (D:4)
  2 quokka skeletons (D:4)
  6 rats
166 creatures vanquished.

Vanquished Creatures (others)
  A crimson imp (D:6)
  4 starspawn tentacles (Abyss:2)
5 creatures vanquished.

Grand Total: 171 creatures vanquished

Notes
Turn   | Place    | Note
-------+----------+-------------------------------------------
     0 | Abyss:1  | Darkyelf the Ghoul Abyssal Knight began the quest for the Orb.
     0 | Abyss:1  | Reached XP level 1. HP: 19/19 MP: 1/1
    58 | Abyss:2  | Noticed a small abomination
    66 | Abyss:2  | Noticed a tentacled starspawn
    82 | D:1      | Escaped the Abyss
   517 | D:1      | Reached * piety under Lugonu
   663 | D:1      | Reached XP level 2. HP: 23/25 MP: 2/2
   990 | D:1      | Reached skill level 1 in Dodging
  1282 | D:2      | Reached XP level 3. HP: 33/33 MP: 3/3
  1453 | D:2      | Reached XP level 4. HP: 28/40 MP: 4/4
  1894 | D:2      | Found a deep blue altar of Sif Muna.
  1913 | D:2      | Reached ** piety under Lugonu
  1942 | D:2      | Reached XP level 5. HP: 35/46 MP: 5/5
  1968 | D:2      | Found a blossoming altar of Fedhas.
  2545 | D:3      | Found a stormy altar of Qazlal.
  2545 | D:3      | Found a snail-covered altar of Cheibriados.
  2550 | D:3      | Found a faded altar of an unknown god.
  2552 | D:3      | Found a faded altar of an unknown god.
  2554 | D:3      | Found a shimmering altar of Xom.
  2650 | D:3      | Reached XP level 6. HP: 41/52 MP: 7/7
  2842 | D:4      | Found Sivvic's Magic Scroll Shop.
  3027 | D:4      | Reached *** piety under Lugonu
  3329 | D:4      | Reached XP level 7. HP: 18/60 MP: 8/8
  3480 | D:5      | Entered Level 5 of the Dungeon
  3613 | D:5      | Noticed Sigmund
  3625 | D:5      | Reached skill level 1 in Shields
  3666 | D:5      | Killed Sigmund
  3776 | D:5      | Reached XP level 8. HP: 67/67 MP: 10/10
  3803 | D:5      | Reached skill level 5 in Axes
  4053 | D:5      | Found an ancient bone altar of Kikubaaqudgha.
  4053 | D:5      | Found a radiant altar of Vehumet.
  4114 | D:5      | Found a staircase to the Ecumenical Temple.
  4145 | D:5      | Reached skill level 5 in Fighting
  4709 | D:6      | Reached skill level 5 in Armour
  4895 | D:6      | Reached skill level 5 in Invocations
  4974 | D:6      | Noticed Edmund
  5035 | D:6      | Killed Edmund
  5079 | D:6      | Found a glowing drain.
  5172 | Sewer    | Entered a sewer
  5335 | Sewer    | Noticed Purgy
  5352 | Sewer    | Killed Purgy
  5352 | Sewer    | Reached XP level 9. HP: 59/75 MP: 11/11
  5391 | Sewer    | Reached **** piety under Lugonu
  5570 | D:6      | Found an opulent altar of Gozag.
  5676 | D:6      | Found a hazy altar of Hepliaklqana.
  5868 | D:6      | Noticed a troll
  6182 | D:5      | Killed a troll
  6480 | D:6      | HP: 1/75 [orc warrior/trident (11)]
  6481 | D:6      | Killed from afar by an orc wizard

Skill      XL: |  1  2  3  4  5  6  7  8  9 |
---------------+----------------------------+-----
Armour         | 2 3 4 5 6 |  6.8
Axes           | 2 3 4 6 |  6.7
Dodging        | 1 |  1.4
Invocations    | 3 4 5 |  5.8
Fighting       | 4 5 |  5.8
Shields        | 1 2 |  2.0

Action                   |  1- 3 |  4- 6 |  7- 9 || total
-------------------------+-------+-------+-------++-------
Melee: Hand axe          |    85 |   363 |   502 ||   950
Invok: Depart the Abyss  |     1 |       |       ||     1
       Banish            |       |       |     1 ||     1
Evoke: Wand              |       |       |     1 ||     1
  Use: Scroll            |     3 |     4 |     7 ||    14
       Potion            |       |     3 |     7 ||    10
  Eat: Chunk             |     9 |    50 |    57 ||   116
Armor: Plate armour      |   126 |   440 |   425 ||   991
Dodge: Dodged            |    26 |    93 |   107 ||   226
Block: Buckler           |    12 |    43 |    84 ||   139
